 Dungeon Crawl Stone Soup version 0.31.0-2-g5a2aebc5c2 (webtiles) character file.

Game seed: 5583195211896663936

254694 shadowrider38 the Warrior (level 18, -8/172 (177) HPs)
             Began as a Vine Stalker Fighter on Jan 21, 2024.
             Was an Initiate of Gozag.
             Mangled by Mlioglotl (23 damage)
             ... on level 1 of the Swamp.
             The game lasted 01:32:06 (20529 turns).

shadowrider38 the Warrior (Vine Stalker Fighter)   Turns: 20529, Time: 01:32:06

HP:   -8/172 (177)  AC: 19    Str: 19    XL:     18   Next: 48%
MP:   0/40          EV: 10    Int:  8    God:    Gozag
Gold: 1828          SH: 13    Dex: 22    Spells: 33/33 levels left

rFire   . . .        a - +3 rapier (freeze)
rCold   . . .        e - +0 kite shield
rNeg    . . .        j - +1 chain mail {rPois}
rPois   +            W - +2 helmet
rElec   .            N - scarf {shadows}
rCorr   .            (no gloves)
SInv    .            G - +2 pair of boots
Will    +++..        r - amulet of regeneration Stlth
                     y - +4 ring of slaying
HPRegen 2.08/turn    Y - ring of magical power
MPRegen 0.27/turn

%: guardian spirit
@: berserking, lightly drained, very quick
A: fangs 3, regeneration 1, magic shield, antimagic bite, no potion heal 2,
strong-willed 1, sense surroundings 1, robust 1, inability to drink after injury
1
}: 2/15 runes: decaying, serpentine
a: Renounce Religion, Potion Petition, Call Merchant, Bribe Branch


You were on level 1 of the Swamp.
You worshipped Gozag.
Gozag was most pleased with you.
You visited 6 branches of the dungeon, and saw 31 of its levels.
You also visited: Sewer.

You collected 10297 gold pieces.
You spent 2997 gold pieces at shops.
You paid 5472 gold pieces to Gozag.

Inventory:

Hand Weapons
 a - a +3 rapier of freezing (weapon)
 i - a +0 rapier
Missiles
 t - 30 boomerangs (quivered)
 v - 2 javelins
 F - 12 curare-tipped darts
 Z - 2 throwing nets
Armour
 e - a +0 kite shield (worn)
 g - a +0 chain mail of willpower
 h - the +0 chain mail "Ettyxitsog" {Harm rPois rC- rCorr}
   (You found it on level 4 of the Snake Pit)

   rC-:       It makes you vulnerable to cold.
   rPois:     It protects you from poison rCorr: It protects you from acid and
   corrosion.
   Harm:      It increases damage dealt and taken.
 j - a +1 chain mail of poison resistance (worn)
 w - a +0 buckler of reflection
 x - a +1 chain mail of cold resistance
 G - a +2 pair of boots (worn)
 N - a scarf of shadows (worn)
 P - the +4 chain mail "Vuupton" {rF+ Will+++ Dex+3}
   (You bought it in a shop on level 2 of the Orcish Mines)

   Dex+3:     It affects your dexterity (+3).
   rF+:       It protects you from fire.
   Will+++:   It greatly increases your willpower.
 W - a +2 helmet (worn)
 X - a +2 chain mail of fire resistance
Jewellery
 r - an amulet of regeneration (around neck)
 y - a +4 ring of slaying (left hand)
 Y - a ring of magical power (right hand)
Wands
 c - a wand of mindburst (5)
 A - a wand of acid (10)
 D - a wand of digging (4)
 E - a wand of charming (12)
 I - a wand of iceblast (1)
 O - a wand of polymorph (16)
 V - a wand of flame (6)
Scrolls
 b - a scroll of silence {!r}
 k - 5 scrolls of noise
 o - 4 scrolls of revelation
 p - 5 scrolls of poison
 q - 7 scrolls of immolation
 s - a scroll of fear
 u - a scroll of fog
 B - a scroll of blinking
 L - 4 scrolls of amnesia
 M - 3 scrolls of vulnerability
 R - 5 scrolls of identify
 T - 4 scrolls of teleportation
Potions
 d - 2 potions of might
 f - 7 potions of mutation
 l - 2 potions of magic
 m - 2 potions of ambrosia
 n - 2 potions of brilliance
 z - 2 potions of invisibility
 C - 2 potions of cancellation
 H - 3 potions of haste
 J - 4 potions of lignification
 K - 4 potions of enlightenment
 Q - 8 potions of curing
 S - 3 potions of attraction
Miscellaneous
 U - a phial of floods


   Skills:
 + Level 17.5 Fighting
 - Level 14.0 Short Blades
 + Level 10.5 Armour
 - Level 5.0 Dodging
 * Level 10.4 Shields
 - Level 8.0 Spellcasting
 - Level 12.6 Evocations


You had 33 spell levels left.
You didn't know any spells.
Your spell library contained the following spells:

 Spells                   Type           Power      Damage    Failure   Level
 Apportation              Tloc           6%         N/A       91%         1
 Sting                    Conj/Alch      12%        1d3       91%         1
 Blink                    Tloc           6%         N/A       97%         2
 Cigotuvi's Dreadful Rot  Necr/Alch/Air  6%         N/A       97%         2
 Jinxbite                 Hex            6%         N/A       97%         2
 Lesser Beckoning         Tloc           6%         N/A       97%         2
 Mercury Vapours          Alch/Air       6%         N/A       97%         2
 Momentum Strike          Conj/Tloc      6%         3d8       97%         2
 Static Discharge         Conj/Air       6%         3-4/arc   97%         2
 Call Canine Familiar     Summ           3%         N/A       100%        3
 Dazzling Flash           Conj/Hex       6%         N/A       100%        3
 Frozen Ramparts          Ice            6%         1d1       100%        3
 Mephitic Cloud           Conj/Alch/Air  3%         N/A       100%        3
 Sigil of Binding         Hex            3%         N/A       100%        3
 Stone Arrow              Conj/Erth      6%         3d7       100%        3
 Animate Armour           Summ/Erth      6%         N/A       100%        4
 Cause Fear               Hex            1%         N/A       100%        4
 Dimensional Bullseye     Hex/Tloc       1%         N/A       100%        4
 Dispel Undead            Necr           3%         3d7       100%        4
 Ignite Poison            Fire/Alch      3%         N/A       100%        4
 Leda's Liquefaction      Alch/Erth      1%         N/A       100%        4
 Martyr's Knell           Necr/Summ      3%         N/A       100%        4
 Olgreb's Toxic Radiance  Alch           3%         N/A       100%        4
 Petrify                  Alch/Erth      3%         N/A       100%        4
 Summon Blazeheart Golem  Fire/Summ      3%         N/A       100%        4
 Vhi's Electric Charge    Tloc/Air       6%         N/A       100%        4
 Alistair's Intoxication  Alch           2%         N/A       100%        5
 Arcjolt                  Conj/Air       1%         1d11      100%        5
 Curse of Agony           Necr           3%         N/A       100%        5
 Fireball                 Conj/Fire      1%         3d3       100%        5
 Freezing Cloud           Conj/Ice/Air   1%         6-21      100%        5
 Irradiate                Conj/Alch      1%         3d12      100%        5
 Lee's Rapid Deconstruct  Erth           1%         3d4*      100%        5
 Metabolic Englaciation   Hex/Ice        1%         N/A       100%        5
 Silence                  Hex/Air        1%         N/A       100%        5
 Summon Forest            Summ/Tloc      1%         N/A       100%        5
 Summon Mana Viper        Hex/Summ       3%         N/A       100%        5
 Bombard                  Conj/Erth      1%         9d1       100%        6
 Death Channel            Necr           1%         N/A       100%        6
 Plasma Beam              Fire/Air       1%         2x1d11    100%        6
 Summon Cactus Giant      Summ           1%         N/A       100%        6
 Malign Gateway           Summ/Tloc      1%         N/A       100%        7
 Orb of Destruction       Conj           1%         9d5       100%        7
 Spellforged Servitor     Conj/Summ      1%         N/A       100%        7
 Lehudib's Crystal Spear  Conj/Erth      1%         10d2      100%        8
 Summon Horrible Things   Summ           1%         N/A       100%        8
 Dragon's Call            Summ           1%         N/A       100%        9


Dungeon Overview and Level Annotations

Branches:
Dungeon (15/15) Zot: 26133  Temple (1/1) D:6 Zot: 5894    Lair (5/5) D:8 Zot: 26054
  Swamp (4/4) Lair:3 Zot: 22280   Snake (4/4) Lair:2 Zot: 21830     Orc (2/2) D:11 Zot: 8459
    Elf (0/3) Orc:2        Vaults (0/5) D:14         Depths (0/4) D:15
  Sewer (visited)
  Slime: Lair:4-5

Altars:
Ashenzari
Cheibriados
Dithmenos
Elyvilon
Fedhas
Gozag
Hepliaklqana
Kikubaaqudgha
Makhleb
Nemelex Xobeh
Okawaru
Qazlal
Ru
Sif Muna
Trog
Uskayaw
Vehumet
Wu Jian
Xom
Yredelemnul
Zin
The Shining One

Shops:
D:1 [   Orc:1 [   Orc:2 *!:![   Snake:1 =   Snake:3 *

Portals:
Hell: Lair:5
Pandemonium: Orc:2

Annotations:
D:12 1 runed translucent door, Uwkeq's ghost, journeyman MiFi
Swamp:1 Mlioglotl


Innate Abilities, Weirdness & Mutations

You have razor-sharp teeth.
Your natural rate of healing is unusually fast.
When hurt, damage is shared between your health and your magic reserves.
Your bite disrupts and absorbs the magic of your enemies.
Potions cannot restore your health.
You are strong-willed. (Will+)
You passively map a small area around you.
You are robust. (+10% HP)
You occasionally lose the ability to drink potions when taking damage.


Message History

Mlioglotl is severely wounded.
The sixfirhy barely misses you.
The air elemental fires a burst of electricity at you.
The stunning burst hits you.
You suddenly lose the ability to move!
The sixfirhy hits you. The sixfirhy shocks you!
Mlioglotl churns violently!
Mlioglotl corrupts the dungeon around him!
The Hell Sentinel hits you! x2
The sixfirhy hits you! The sixfirhy shocks you! The sixfirhy hits you.
The sixfirhy shocks you!
The sixfirhy hits you but does no damage.
The air elemental hits you! The small abomination hits you.
The smoke demon gestures at you. Something smites you!
* * * LOW HITPOINT WARNING * * *
Mlioglotl churns violently!
Mlioglotl radiates an aura of fear!
You resist with almost no effort. The Hell Sentinel hits you!!
* * * LOW HITPOINT WARNING * * *
The Hell Sentinel hits you.
* * * LOW HITPOINT WARNING * * *
Tentacles burst from the starspawn's body!
The air elemental fires a burst of electricity at you.
The stunning burst hits you.
* * * LOW HITPOINT WARNING * * *
The stunning burst hits the sixfirhy.
The sixfirhy completely resists.
You can move again. 2 starspawn tentacles come into view.
You puncture Mlioglotl! You freeze Mlioglotl.
Mlioglotl is almost dead.
The small abomination hits you but does no damage.
Mlioglotl barely misses you.
Mlioglotl tramples you but does no damage.
The air elemental closely misses you.
You closely miss the air elemental. The Hell Sentinel hits you.
* * * LOW HITPOINT WARNING * * *
The Hell Sentinel hits you but does no damage.
The air elemental fires a burst of electricity at you.
The stunning burst hits you.
You shrug off the repeated paralysis!
* * * LOW HITPOINT WARNING * * *
The stunning burst hits the sixfirhy.
The sixfirhy completely resists.
You impale the air elemental!! You freeze the air elemental!
You bite the air elemental!
You destroy the air elemental!
The air elemental disappears in a puff of smoke!
The small abomination hits you!
* * * LOW HITPOINT WARNING * * *
Mlioglotl hits you but does no damage. Mlioglotl tramples you!!
You die...
Your body crumbles into a pile of gold.

~...~.~♣ ♣.≈.~♣♣♣♣..~~
~......♣♣♣..≈.~~~.. , , ,
~.♣..........≈...♣ .. *
~~~♣~...~~~...≈$.♣ ~.~, * ,
~..♣...♣♣♣♣~.....♣♣♣..
~.....~♣ ♣~.♣♣♣..... * ♣...
.~~~..~♣ ♣~.♣ ♣.≈.♣ .♣ ♣...
.~~§..~♣♣♣♣.#♣♣♣.≈.♣≈~♣ ♣...
.~.~~..~~~...~~§@3..~.♣ ♣...
..♣~......♣♣.wx1Xx♣#.♣♣ ♣.♣~
♣♣♣♣..♣~♣. ♣#~\~Xx.#♣ ♣.♣§
.~ ~ ♣~.w\3Λ~X.♣ ♣♣.~~ *♣ ..
~.~.~\V─X..~~♣♣♣♣♣♣~§~.
*♣~,~~.#.♣~V.~...~~♣...♣~§♣~
~~~♣~.~~~~..~.~..≈≈≈..~~~
~...~.~...~.§~.≈≈≈≈≈..~~. ~
~~* , .≈≈≈≈≈≈.~~~


You could see a Hell Sentinel (summoned), Mlioglotl (strong), a tentacled
starspawn (summoned), 2 large abominations, a sixfirhy (summoned), a smoke demon
(summoned), 3 small abominations and 2 starspawn tentacles.

Vanquished Creatures
  A tentacled monstrosity (Swamp:4)
  Rupert (Lair:3)
  A quicksilver dragon (Snake:4)
  A thorn hunter (Swamp:4)
  Kirke (Lair:3)
  Aizul (Swamp:1)
  2 eleionomae
  2 dire elephants
  6 bunyips
  Snorg (Orc:2)
  2 shambling mangroves (Swamp:4)
  Josephine (Lair:4)
  A yaktaur captain (D:14)
  22 hydras
  6 salamander tyrants
  An ogre mage (D:15)
  3 demonspawn (Orc:2)
  11 alligators
  2 ghost crabs
  4 anacondas
  A death knight (D:13)
  2 catoblepae
  6 two-headed ogres
  2 boulder beetles
  2 tengu warriors
  6 shock serpents
  8 naga warriors
  5 orc high priests (Orc:2)
  11 naga sharpshooters
  A sun demon (Lair:5)
  2 skysharks (Lair:5)
  2 salamander mystics (Snake:4)
  4 goliath frogs
  8 mana vipers
  3 skeletal warriors
  A sixfirhy (Orc:2)
  3 spriggan druids
  10 swamp dragons
  3 bog bodies
  2 naga ritualists
  4 orc knights
  A deep elf pyromancer (D:15)
  8 cyclopes
  6 orc sorcerers (Orc:2)
  3 will-o-the-wisps (Swamp:2)
  17 salamanders
  12 ugly things
  A wolf spider zombie (D:13)
  3 manticores (D:15)
  36 elephants
  A meliai (shapeshifter) (D:13)
  10 centaur zombies (D:13)
  3 guardian serpents
  10 naga magi
  41 black mambas
  3 kobold blastminers (Orc:2)
  A smoke demon (Lair:5)
  4 orange demons
  15 cane toads
  3 rime drakes (Lair:3)
  A gargoyle (D:12)
  An unseen horror (D:12)
  A freezing wraith (D:13)
  2 efreet
  2 ice devils
  10 komodo dragons
  A troll (shapeshifter) (D:13)
  Psyche (D:10)
  2 tengu conjurers
  2 red devils
  2 polar bears
  A bloated husk (Swamp:4)
  3 trolls
  9 hornets
  5 tyrant leeches
  12 blink frogs
  2 meliai zombies (D:13)
  4 dream sheep (Lair:5)
  5 slime creatures
  8 spriggans
  4 shadows
  6 wraiths
  23 yaks
  3 wyverns
  3 hogs (Lair:3)
  Eustachio (D:6)
  5 basilisks
  3 wargs (Orc:2)
  A golden eye (D:10)
  3 steam dragons
  14 vampire mosquitoes
  Grum (D:10)
  Menkaure (D:5)
  An acid dragon (D:9)
  17 water moccasins
  4 hell hounds (Lair:5)
  17 swamp worms
  21 nagas
  4 swamp drakes (Swamp:4)
  34 orc warriors
  10 ogres
  3 black bears (D:8)
  26 wolves
  5 centaurs
  A phantom (D:6)
  2 kobold brigands
  16 bullfrogs
  A gnoll sergeant (D:10)
  2 scorpions
  13 wights
  12 killer bees
  9 howler monkeys
  2 vampire bats (Orc:1)
  2 electric eels (D:15)
  3 lava snakes (Lair:2)
  4 jellies
  A bombardier beetle (D:7)
  2 gnoll boudas
  4 hounds
  27 orc priests
  A boggart zombie (D:13)
  5 iguanas
  12 orc wizards
  5 hell rats (Lair:3)
  10 gnolls
  5 adders
  2 shadow imps
  A white imp (D:7)
  2 dart slugs
  3 ribbon worms
  91 orcs
  12 ball pythons
  15 bats
  8 endoplasms
  7 giant cockroaches
  7 goblins
  6 hobgoblins
  4 jackals (D:5)
  A quokka (D:2)
  5 frilled lizards
  24 kobolds
  6 rats
951 creatures vanquished.

Vanquished Creatures (collateral kills)
  2 naga magi (Snake:4)
  A naga (Snake:4)
  A kobold brigand (D:9)
  A kobold (D:9)
5 creatures vanquished.

Vanquished Creatures (others)
  A nagaraja (Snake:4)
  A salamander tyrant (Snake:4)
  An occultist (Lair:5)
  A salamander mystic (D:15)
  A goliath frog (Swamp:4)
  A spriggan druid (Swamp:4)
  A bloated husk (Swamp:2)
  2 yaks (D:10)
  2 humans (Lair:3)
  2 nagas (Snake:4)
  A swamp drake (Swamp:4)
  An orc wizard (D:11)
  8 foxfires
23 creatures vanquished.

Grand Total: 979 creatures vanquished

Notes
Turn   | Place    | Note
-------+----------+-------------------------------------------
     0 | D:1      | shadowrider38 the Vine Stalker Fighter began the quest for
                  | the Orb.
     0 | D:1      | Reached XP level 1. HP: 11/11 MP: 2/2
    27 | D:1      | Reached XP level 2. HP: 16/16 MP: 0/3
   180 | D:1      | Found Jerch's Armour Boutique.
   339 | D:1      | Reached skill level 3 in Short Blades
   419 | D:1      | Reached XP level 3. HP: 19/19 MP: 4/4
   702 | D:3      | Reached XP level 4. HP: 22/23 MP: 5/5
  1085 | D:4      | Reached XP level 5. HP: 27/27 MP: 6/6
  1274 | D:5      | Entered Level 5 of the Dungeon
  1339 | D:4      | Reached XP level 6. HP: 26/32 MP: 5/7
  1668 | D:5      | Found a glowing drain.
  1707 | D:5      | Reached XP level 7. HP: 33/35 MP: 6/8
  1711 | Sewer    | Entered a sewer
  2036 | D:5      | Noticed Menkaure
  2049 | D:5      | Killed Menkaure
  2460 | D:6      | Gained mutation: You have razor-sharp teeth. [Vine Stalker
                  | growth]
  2460 | D:6      | Reached XP level 8. HP: 37/39 MP: 7/9
  2479 | D:6      | Reached skill level 3 in Fighting
  2479 | D:6      | Reached skill level 3 in Shields
  2527 | D:6      | Noticed Eustachio
  2549 | D:6      | Killed Eustachio
  2550 | D:6      | Reached skill level 3 in Armour
  2719 | D:6      | Found a staircase to the Ecumenical Temple.
  2725 | Temple   | Entered the Ecumenical Temple
  2777 | Temple   | Became a worshipper of Gozag Ym Sagoz the Greedy
  2930 | D:7      | Reached skill level 9 in Short Blades
  3036 | D:7      | Reached skill level 4 in Fighting
  3036 | D:7      | Reached XP level 9. HP: 45/45 MP: 10/10
  3228 | D:7      | Found a stormy altar of Qazlal.
  3389 | D:8      | Noticed a two-headed ogre
  3398 | D:8      | Reached skill level 5 in Fighting
  3404 | D:8      | Killed a two-headed ogre
  3405 | D:8      | Reached XP level 10. HP: 51/51 MP: 11/11
  3469 | D:8      | Found a staircase to the Lair.
  3585 | D:8      | Found a hide-covered altar of Uskayaw.
  4472 | Lair:1   | Entered Level 1 of the Lair of Beasts
  4492 | Lair:1   | Reached skill level 6 in Fighting
  4519 | Lair:1   | Reached skill level 3 in Evocations
  4519 | Lair:1   | Reached XP level 11. HP: 28/56 MP: 7/12
  4843 | Lair:2   | Reached skill level 7 in Fighting
  4958 | Lair:2   | Noticed a six-headed hydra
  4964 | Lair:2   | Noticed a four-headed hydra
  4990 | Lair:2   | Killed a six-headed hydra
  4991 | Lair:2   | Reached skill level 8 in Fighting
  4994 | Lair:2   | Killed a four-headed hydra
  5021 | Lair:2   | Reached skill level 3 in Dodging
  5210 | Lair:2   | Reached XP level 12. HP: 16/65 MP: 13/13
  5274 | Lair:2   | Reached skill level 9 in Fighting
  5740 | Lair:3   | Reached skill level 10 in Fighting
  5931 | Lair:3   | Reached skill level 3 in Spellcasting
  5984 | Lair:3   | Noticed Kirke
  6013 | Lair:3   | Killed Kirke
  6020 | Lair:3   | Noticed Rupert
  6035 | Lair:3   | Killed Rupert
  6036 | Lair:3   | Reached skill level 11 in Fighting
  6206 | Lair:3   | Reached XP level 13. HP: 44/74 MP: 21/21
  6247 | Lair:3   | Reached skill level 12 in Fighting
  6929 | Lair:4   | Noticed Josephine
  7225 | Lair:4   | Killed Josephine
  7269 | Lair:4   | Reached XP level 14. HP: 80/80 MP: 22/22
  7458 | Lair:5   | Entered Level 5 of the Lair of Beasts
  7874 | Lair:5   | Noticed a dire elephant
  7893 | Lair:5   | Killed a dire elephant
  7938 | Lair:5   | Gained mutation: You passively map a small area around you.
                  | [potion of mutation]
  7938 | Lair:5   | Gained mutation: You are robust. (+10% HP) [potion of
                  | mutation]
  7938 | Lair:5   | Gained mutation: You occasionally lose the ability to drink
                  | potions when taking damage. [potion of mutation]
  7938 | Lair:5   | Gained mutation: You are strong-willed. (Will+) [potion of
                  | mutation]
  7956 | Lair:5   | Found a burning altar of Makhleb.
  7981 | Lair:5   | Reached skill level 9 in Armour
  8128 | Lair:5   | Reached skill level 13 in Fighting
  8144 | Lair:5   | Found a gateway to Hell.
  8152 | Lair:5   | Got an earthy gem with 657 turns to spare
  8168 | Lair:5   | Identified the staff of Jecla {rF+ rC+ Str+2 Int+3 Earth}
  8435 | D:10     | Entered Level 10 of the Dungeon
  8538 | D:10     | Found a broken altar of Ashenzari.
  8546 | D:10     | Noticed Sonja
  8565 | D:10     | Sonja changed into Sonja the tengu
  8565 | D:10     | Noticed Sonja
  8568 | D:10     | Sonja the tengu changed into Sonja the golden eye
  8568 | D:10     | Noticed Sonja
  8574 | D:10     | Killed Sonja the golden eye
  8606 | D:10     | Identified the +1 arbalest "Sarcophage" {elec, rPois rC+
                  | rCorr}
  8759 | D:10     | Noticed Psyche
  8777 | D:10     | Killed Psyche
  8819 | D:10     | Found a sacrificial altar of Ru.
  8928 | D:10     | Noticed Grum
  9015 | D:10     | Killed Grum
  9722 | D:11     | Reached XP level 15. HP: 50/95 MP: 11/23
  9802 | D:11     | Found a staircase to the Orcish Mines.
  9814 | Orc:1    | Entered Level 1 of the Orcish Mines
  9951 | Orc:1    | Found Faesingo's Antique Armour Shoppe.
  9975 | Orc:2    | Entered Level 2 of the Orcish Mines
  9975 | Orc:2    | Found Cinilupa's General Store.
 10136 | Orc:2    | Bought a scroll of identify for 26 gold pieces
 10136 | Orc:2    | Bought a scroll of revelation for 97 gold pieces
 10176 | Orc:2    | Reached skill level 14 in Fighting
 10733 | Orc:2    | Found a staircase to the Elven Halls.
 10933 | Orc:2    | Noticed Snorg
 10959 | Orc:2    | Killed Snorg
 11410 | Orc:2    | Found a staircase to the Elven Halls.
 11610 | Orc:2    | Found Irytto's Distillery.
 11862 | Orc:2    | Found Xiplu's Distillery.
 12758 | Orc:2    | Found Ipeapteo's Antique Armour Shoppe.
 12758 | Orc:2    | Found Setog's Book Emporium.
 12759 | Orc:2    | Found a one-way gate leading to the halls of Pandemonium.
 12761 | Orc:2    | Bought a faintly glowing chain mail for 332 gold pieces
 12761 | Orc:2    | Identified the +4 chain mail "Vuupton" {rF+ Will+++ Dex+3}
                  | (You bought it in a shop on level 2 of the Orcish Mines)
 12988 | Orc:2    | Found Cinilupa's General Store.
 13726 | D:12     | Found a runed translucent door.
 13727 | D:12     | Found a shimmering altar of Xom.
 13727 | D:12     | Noticed Uwkeq's ghost (journeyman MiFi)
 13976 | D:13     | Reached skill level 15 in Fighting
 14029 | D:13     | Found a basalt altar of Yredelemnul.
 14947 | D:14     | Found a gate to the Vaults.
 15002 | D:15     | Entered Level 15 of the Dungeon
 15076 | D:15     | Reached XP level 16. HP: 104/104 MP: 29/29
 15434 | D:15     | Found a staircase to the Depths.
 15439 | D:15     | Got a smoky gem with 2151 turns to spare
 15629 | D:14     | Reached skill level 16 in Fighting
 15831 | Orc:2    | Bought a potion of enlightenment for 85 gold pieces
 15831 | Orc:2    | Bought a potion of enlightenment for 85 gold pieces
 15831 | Orc:2    | Bought a potion of mutation for 136 gold pieces
 15831 | Orc:2    | Bought 2 potions of mutation for 272 gold pieces
 15831 | Orc:2    | Bought a potion of might for 68 gold pieces
 15833 | Orc:2    | Bought 2 potions of magic for 240 gold pieces
 15833 | Orc:2    | Bought a potion of cancellation for 120 gold pieces
 16152 | Lair:2   | Found a staircase to the Snake Pit.
 16166 | Snake:1  | Entered Level 1 of the Snake Pit
 16350 | Snake:1  | Found Nuiwuv's Jewellery Shop.
 16353 | Snake:1  | Bought a +4 ring of slaying for 1404 gold pieces
 16963 | Snake:2  | Reached skill level 9 in Evocations
 17265 | Snake:2  | You are sucked into a shaft and drop 1 floor!
 17368 | Snake:3  | Reached skill level 17 in Fighting
 17472 | Snake:4  | Entered Level 4 of the Snake Pit
 17512 | Snake:4  | Reached XP level 17. HP: 88/112 MP: 30/30
 17827 | Snake:3  | Found Nastrieto's General Store.
 17923 | Snake:3  | Bought a scroll of teleportation for 36 gold pieces
 17923 | Snake:3  | Bought a potion of mutation for 96 gold pieces
 18479 | Snake:4  | Got a jade gem with 436 turns to spare
 18482 | Snake:4  | Noticed a quicksilver dragon
 18504 | Snake:4  | Killed a quicksilver dragon
 18563 | Snake:4  | Got a serpentine rune of Zot
 18598 | Snake:4  | Identified the +0 chain mail "Ettyxitsog" {Harm rPois rC-
                  | rCorr}
 18797 | Lair:3   | Found a staircase to the Swamp.
 18815 | Swamp:1  | Entered Level 1 of the Swamp
 18882 | Swamp:2  | Identified the serpent talisman of the Robin {Dex+5}
 18882 | Swamp:2  | Noticed Aizul
 18909 | Swamp:1  | Killed Aizul
 18925 | Swamp:1  | Noticed Mlioglotl
 19436 | Swamp:4  | Entered Level 4 of the Swamp
 19584 | Swamp:4  | Noticed a tentacled monstrosity
 19599 | Swamp:4  | Killed a tentacled monstrosity
 19600 | Swamp:4  | Reached skill level 9 in Shields
 19600 | Swamp:4  | Reached XP level 18. HP: 95/118 MP: 31/31
 19970 | Swamp:4  | Got a mossy gem with 676 turns to spare
 19973 | Swamp:4  | Got a decaying rune of Zot
 20135 | Swamp:2  | Got the Elucidation of Calid Momentum
 20519 | Swamp:1  | Noticed a Hell Sentinel
 20525 | Swamp:1  | Paralysed by an air elemental for 1 turns
 20529 | Swamp:1  | Mangled by Mlioglotl

Illustrated notes

Levels and vault maps discovered:
D:1:      scummos_arrival_hexagon, layout_loops_ring, serial_shops, shop,
          roderic_filled_cross, minmay_misc_feat_ornament
D:2:      minmay_angry_zag, layout_loops_ring
D:3:      layout_basic
D:4:      layout_basic, nrook_loot_triangle,
          nicolae_concentric_dashed_squares_wild
D:5:      layout_basic, portal_sewer_entry_a, uniq_menkaure
D:6:      minmay_general_purpose_star, layout_basic, minmay_temple_entry_hall,
          uniq_eustachio
D:7:      nicolae_BIG_FREAKIN_CUBE, layout_loops_cross,
          mainiacjoe_overflow_small_starburst, serial_shops, shop
D:8:      layout_loops_ring, mainiacjoe_overflow_catwalk,
          due_lair_maze_entry_diamond, special_room [special_room_orc]
D:9:      layout_roguey
D:10:     layout_big_octagon, lemuel_round_altar, ashenzari_altar_1,
          minmay_chambers_of_fives, uniq_psyche, uniq_grum, uniq_sonja
D:11:     layout_gridville, david_orc_4, minmay_misc_feat_room
D:12:     layout_irregular_city, serial_shops, nicolae_shop_tiny_statue_garden,
          ebering_ghost_xom
D:13:     layout_small_grid, nicolae_yredelemnul_corpse_copse
D:14:     layout_rooms, hellmonk_vaults_attempted_burglary, good_gods_temple_1
D:15:     hangedman_depths_entry_try_elsewhere_first, layout_grid_maze,
          serial_park_fountain, minmay_unpleasant_kobolds
Temple:   dpeg_five_rooms_temple
Lair:1:   layout_hall_layers
Lair:2:   layout_regular_city, nicolae_snake_entry_warm_welcome,
          beast_lair_carwin_5
Lair:3:   nzn_winding_woodlands_three_and_one
          [nzn_winding_woodlands_5x15_parted, nzn_winding_woodlands_5x15_zeroes,
          nzn_winding_woodlands_5x15_garden,
          nzn_winding_woodlands_center_triple_pond], layout_chaotic_city,
          palyth_hydra_swamp_entry, grunt_megastairs_1, uniq_rupert, uniq_kirke
Lair:4:   layout_long_grid, grunt_megastairs_4, serial_bayou_shore_a,
          infiniplex_staircase_pool_2, uniq_josephine
Lair:5:   evil_forest, layout_loops_ring, slime_entry_1
Swamp:1:  layout_falls_marsh, hangedman_swamp_blocks, swamp_pool_1_2,
          infiniplex_staircase_pool, uniq_mlioglotl
Swamp:2:  nicolae_swamp_ascending_descending, layout_basic_swamp,
          hangedman_swamp_cone, uniq_aizul
Swamp:3:  layout_basic_swamp, hangedman_swamp_pad
Swamp:4:  swamp, layout_basic_swamp, swamp_pool_3
Snake:1:  layout_layer_cave, serial_library,
          serial_library_regret_index_double_sided,
          serial_library_regret_index_split_case,
          serial_library_hellmonk_hallway_a,
          serial_library_regret_index_turning,
          serial_library_hellmonk_hallway_a,
          serial_library_hellmonk_reading_circle,
          serial_library_regret_index_double_sided,
          serial_library_regret_index_turning, serial_shops,
          nicolae_shop_real_fake_doors
Snake:2:  layout_rooms, serial_bayou_pond_c, nicolae_coiled_stairwell_up
Snake:3:  layout_cave_town, serial_shops, nicolae_stop_n_shop_2,
          minmay_shoptagon
Snake:4:  hellmonk_snake_rune_quicksilver_temple, layout_onion, library_closet,
          nicolae_snake_squiggles
Orc:1:    layout_caves, serial_shops, nicolae_shop_pleasant_corner_grove,
          roderic_batcave
Orc:2:    pf_orc_diabolical, layout_caves, serial_shops, nicolae_shop_crystal,
          mines5_lemuel, uniq_snorg

Skill      XL: |  1  2  3  4  5  6  7  8  9 10 11 12 13 14 15 16 17 18 |
---------------+-------------------------------------------------------+-----
Short Blades   | 2 3 4 5 6 8 9 10 12 13 14 | 14.0
Fighting       | 4 5 6 8 11 12 13 15 17 | 17.5
Shields        | 4 5 9 10 | 10.4
Armour         | 3 5 8 10 | 10.5
Evocations     | 3 5 6 10 12 | 12.6
Dodging        | 5 |  5.0
Spellcasting   | 5 8 |  8.0

Action                     |  1- 3 |  4- 6 |  7- 9 | 10-12 | 13-15 | 16-18 || total
---------------------------+-------+-------+-------+-------+-------+-------++-------
  Melee: Rapier            |    22 |       |       |       |  1985 |  1484 ||  3491
         Bite              |    18 |    38 |   102 |   279 |   976 |   743 ||  2156
         Dagger            |    20 |       |       |       |       |       ||    20
         Short sword       |    53 |   146 |   285 |   698 |    99 |       ||  1281
  Throw: Boomerang         |       |    12 |     2 |     8 |     1 |       ||    23
         Throwing net      |       |     1 |     1 |       |     1 |       ||     3
         Dart              |       |       |     1 |       |     8 |     4 ||    13
 Invoke: Potion Petition   |       |       |       |     2 |     2 |     9 ||    13
  Evoke: Wand              |       |       |       |     5 |    15 |    11 ||    31
         Phial of floods   |       |       |       |       |     1 |     2 ||     3
    Use: Scroll            |       |       |    11 |     6 |    18 |     9 ||    44
         Potion            |       |       |       |     6 |     4 |     5 ||    15
   Stab: Held in net/web   |       |       |     2 |       |     3 |       ||     5
         Distracted        |       |       |       |     2 |    11 |     7 ||    20
         Invisible         |       |       |       |    10 |       |    17 ||    27
 Armour: Scale mail        |    65 |    76 |    33 |       |       |       ||   174
         Ring mail         |       |       |    76 |   323 |       |       ||   399
         Chain mail        |       |       |       |    28 |  1417 |  1040 ||  2485
         Skin              |       |       |       |     1 |       |       ||     1
  Dodge: Dodged            |    45 |    48 |    68 |   209 |   591 |   415 ||  1376
  Block: Buckler           |    22 |    26 |    39 |   123 |   431 |   128 ||   769
         Reflection        |       |       |       |       |       |    19 ||    19
         Kite shield       |       |       |       |       |       |   430 ||   430
